 Dungeon Crawl Stone Soup version 0.31-a0-187-gba352fbbf7 (webtiles) character file.

Game seed: 11312185947722460221

3812 qw the Markself (level 9, -2/52 HPs)
             Began as a Deep Elf Hunter on June 22, 2023.
             Was a Priest of Okawaru.
             Slain by an orc warrior
             ... wielding a +0 battleaxe
              (18 damage)
             ... on level 7 of the Dungeon.
             The game lasted 00:03:03 (5487 turns).

qw the Markself (Deep Elf Hunter)                   Turns: 5487, Time: 00:03:03

Health: -2/52      AC: 11    Str: 12    XL:     9   Next: 97%
Magic:  14/14      EV: 19    Int: 15    God:    Okawaru [***...]
Gold:   442        SH:  0    Dex: 24    Spells: 8/8 levels left

rFire   . . .        n - +0 orcbow
rCold   . . .        (shield currently unavailable)
rNeg    . . .        g - +1 ring mail "Wuejism" {rElec Regen+}
rPois   .            (no helmet)
rElec   +            o - +0 cloak
rCorr   .            h - +0 pair of gloves
SInv    .            e - +2 pair of boots
Will    +....        (no amulet)
Stlth   +++          d - +6 ring of dexterity
HPRegen 1.08/turn    a - ring of willpower
MPRegen 0.14/turn

%: no passive effects
@: heroic
A: deformed body
a: Renounce Religion, Heroism


You were on level 7 of the Dungeon.
You worshipped Okawaru.
Okawaru was most pleased with you.
You visited 2 branches of the dungeon, and saw 9 of its levels.
You also visited: Ossuary.

You collected 442 gold pieces.


Innate Abilities, Weirdness & Mutations

Armour fits poorly on your strangely shaped body.


   Skills:
 - Level 4.1(9.1) Fighting
 + Level 15.2(20.2) Ranged Weapons
 - Level 2.3(7.3) Armour
 - Level 7.0(12.0) Dodging
 - Level 1.2(6.2) Stealth
 - Level 4.2 Invocations


You had 8 spell levels left.
You didn't know any spells.
Your spell library was empty.

Inventory:

Hand Weapons
 n - a +0 orcbow (weapon)
Armour
 e - a +2 pair of boots (worn)
 g - the +1 ring mail "Wuejism" (worn) {rElec Regen+}
   (You found it on level 2 of the Dungeon)

   rElec:     It insulates you from electricity.
   Regen:     It increases your rate of health regeneration.
 h - a +0 pair of gloves (worn)
 o - a +0 cloak (worn)
Jewellery
 a - a ring of willpower (right hand)
 b - a ring of ice
 d - a +6 ring of dexterity (left hand)
Scrolls
 c - 3 scrolls of identify
 m - 5 scrolls of teleportation
Potions
 f - a potion of resistance
 i - 2 potions of enlightenment
 j - a potion of haste
 k - 2 potions of mutation
 l - a potion of curing
 r - a potion of cancellation

Dungeon Overview and Level Annotations

Branches:
Dungeon (8/15)             Temple (1/1) D:4         Ossuary (visited)
   Lair: D:8-11

Altars:
Ashenzari
Cheibriados
Dithmenos
Elyvilon
Fedhas
Gozag
Hepliaklqana
Makhleb
Nemelex Xobeh
Okawaru
Qazlal
Ru
Sif Muna
Uskayaw
Vehumet
Xom
Yredelemnul
Zin
The Shining One

Shops:
D:5 *


Message History

You shoot an arrow.
The arrow hits the orc warrior but does no damage.
You hear some strange, mumbled words.
A magic dart appears from out of thin air!
The magic dart hits you but does no damage.
The orc priest begins to cast a cantrip, but forgets the words!
Something closely misses you.
The orc warrior hits you with a +0 battleaxe.
The kobold misses you.
You shoot an arrow. The arrow hits the orc warrior!!
The orc warrior is severely wounded.
You shoot an arrow.
The arrow closely misses the orc warrior.
Something hits you but does no damage.
The orc priest invokes the aid of Beogh against you.
Pain shoots through your body! The kobold closely misses you.
Something closely misses you.
The orc warrior hits you with a +0 battleaxe!
5485 ||| STAIRDANCE Something barely misses you.
The orc priest misses you. The kobold hits you but does no damage.
The orc warrior barely misses you. Something closely misses you.
You climb upwards.
Reactivating autopickup.
There is a stone staircase leading down here.
Enter note:
Enter note:
Enter note:
Enter note:
Enter note:
Enter note:
Enter note:
Enter note: You shoot an arrow.
The arrow hits the orc warrior.
The orc warrior is almost dead.
Something hits you but does no damage.
Deactivating autopickup; reactivate with Ctrl-A.
The kobold closely misses you.
The orc warrior hits you with a +0 battleaxe!!
You die...

#.# #..##..#..# #..##.#
###.####..###...## #..##.#
#...........##.## #..##.#
#.#.####..#.##.# #..##.# #.#.#
#..#.##.#####..##.# #.#.#
#..............##.# #### #.#.#
##.#..............#
...#####.#.#####o#..#.###########
##........[..[..@..<..#
########.......oK#.###
#...........# #.########### #.#
#########.# ..........#
###########


You could see an orc warrior, an orc priest and a kobold.

Vanquished Creatures
  Sigmund (D:3)
  A wyvern (D:7)
  A steam dragon (D:8)
  Menkaure (Ossuary)
  A water moccasin (D:7)
  Duvessa (D:7)
  An orc warrior (D:6)
  5 sky beasts
  An ice beast (D:5)
  3 black bears
  2 centaurs
  An ogre (D:5)
  A kobold brigand (D:8)
  An elf zombie (Ossuary)
  A wyvern zombie (D:5)
  2 bullfrogs (D:7)
  2 scorpions
  A gnoll sergeant (D:6)
  A troll zombie (Ossuary)
  5 wights (D:6)
  5 killer bees (D:7)
  Dowan (D:7)
  A howler monkey (D:7)
  4 centaur zombies (Ossuary)
  A hound (D:6)
  A gnoll bouda (D:6)
  2 sleepcaps (D:5)
  A jelly (D:5)
  3 orc wizards
  Ijyb (D:3)
  2 iguanas
  A hound zombie (D:5)
  6 mummies (Ossuary)
  13 gnolls
  2 adders
  3 white imps
  6 adder zombies (Ossuary)
  2 worms
  4 dart slugs
  15 orcs
  4 ball pythons
  4 endoplasms
  3 giant cockroaches
  8 goblins
  9 hobgoblins
  7 jackals (D:3)
  8 quokkas
  5 bats
  2 frilled lizards
  4 goblin zombies (Ossuary)
  3 hobgoblin zombies (Ossuary)
  10 kobolds
  3 kobold zombies (Ossuary)
  5 quokka zombies (Ossuary)
  3 rats (D:1)
  3 rat zombies (Ossuary)
188 creatures vanquished.

Vanquished Creatures (others)
  4 kobolds (D:8)
4 creatures vanquished.

Grand Total: 192 creatures vanquished

Notes
Turn   | Place    | Note
-------+----------+-------------------------------------------
     0 | D:1      | qw the Deep Elf Hunter began the quest for the Orb.
     0 | D:1      | Reached XP level 1. HP: 12/12 MP: 3/3
     0 | D:1      | 0 ||| qw: Version: 0.3-a-9-g12657ce
     0 | D:1      | 0 ||| qw: Game counter: 2148
     0 | D:1      | 0 ||| qw: Always use a shield: true
     0 | D:1      | 0 ||| qw: God list: Okawaru
     0 | D:1      | 0 ||| qw: Allow faded altars: false
     0 | D:1      | 0 ||| qw: Do Orc after D:15 true
     0 | D:1      | 0 ||| qw: Do second Lair branch before Depths: true
     0 | D:1      | 0 ||| qw: Lair rune preference: random
     0 | D:1      | 0 ||| qw: Plans: Normal
     0 | D:1      | 0 ||| PLANNING D:1-11
     3 | D:1      | 3 ||| DROPPING scroll of butterflies.
    95 | D:1      | Reached XP level 2. HP: 16/16 MP: 4/4
   143 | D:1      | Reached skill level 6 in Ranged Weapons
   299 | D:1      | Reached XP level 3. HP: 20/20 MP: 5/5
   530 | D:1      | 530 ||| UPGRADING to +1 pair of boots.
   535 | D:1      | 535 ||| UPGRADING to +0 scale mail.
   545 | D:1      | 545 ||| DROPPING +0 leather armour.
   546 | D:1      | 546 ||| READING scroll labelled UFANIF QIMYSU.
   547 | D:1      | 547 ||| READING scroll labelled EMNABYUTZA.
   548 | D:1      | 548 ||| READING scroll labelled FOTIZA GUAMIEFINI.
   651 | D:2      | 651 ||| READING scroll labelled KUXZOM UTU.
   714 | D:2      | Reached skill level 7 in Ranged Weapons
   730 | D:2      | Identified the +1 ring mail "Wuejism" {rElec Regen+}
   895 | D:2      | Identified the +1 robe of Demaut {rPois rCorr Str+3 Int+2}
   995 | D:2      | 995 ||| UPGRADING to +1 ring mail "Wuejism" {rElec Regen+}.
  1005 | D:2      | 1005 ||| DROPPING +0 scale mail.
  1006 | D:2      | 1006 ||| READING scroll labelled WOHIYX XINWYGH.
  1007 | D:2      | 1007 ||| READING scroll labelled JYUKHL ZOFECUTA.
  1008 | D:2      | 1008 ||| READING scroll labelled IKENURCH TAMU.
  1100 | D:3      | 1100 ||| READING scroll of enchant armour.
  1100 | D:3      | 1100 ||| ENCHANTING +1 pair of boots.
  1124 | D:3      | Reached XP level 4. HP: 25/25 MP: 6/6
  1533 | D:3      | Found a faded altar of an unknown god.
  1571 | D:3      | Noticed Sigmund
  1611 | D:3      | HP: 6/25 [something/magic dart (7)]
  1621 | D:3      | Killed Sigmund
  1622 | D:3      | Reached skill level 9 in Ranged Weapons
  1622 | D:3      | Reached XP level 5. HP: 20/29 MP: 7/7
  1709 | D:3      | Noticed Ijyb
  1721 | D:3      | Killed Ijyb
  1722 | D:3      | Reached XP level 6. HP: 13/35 MP: 8/8
  1753 | D:3      | 1753 ||| UPGRADING to +0 pair of gloves.
  1758 | D:3      | 1758 ||| UPGRADING to amulet of guardian spirit.
  1763 | D:3      | 1763 ||| READING scroll labelled XEIDIS KEPNE.
  1860 | D:4      | Found a staircase to the Ecumenical Temple.
  1861 | D:4      | 1861 ||| PLANNING TEMPLE
  1867 | D:4      | Reached skill level 1 in Armour
  1872 | Temple   | Entered the Ecumenical Temple
  1873 | Temple   | 1873 ||| PLANNING OKAWARU WORSHIP
  2028 | Temple   | Became a worshipper of Warmaster Okawaru
  2029 | Temple   | 2029 ||| PLANNING D:1-11
  2029 | Temple   | 2029 ||| REMOVING amulet of guardian spirit.
  2034 | Temple   | 2034 ||| DROPPING amulet of guardian spirit.
  2078 | D:4      | 2078 ||| READING scroll of enchant weapon.
  2078 | D:4      | 2078 ||| ENCHANTING +1 shortbow.
  2614 | D:4      | 2614 ||| UPGRADING to +0 cloak.
  2619 | D:4      | 2619 ||| READING scroll labelled YSSIST PALOT.
  2620 | D:4      | 2620 ||| READING scroll labelled RUNELA WUNESATZ.
  2621 | D:4      | 2621 ||| READING scroll labelled VASHUI LIPOO.
  2636 | D:4      | 2636 ||| READING 3 scrolls of identify.
  2636 | D:4      | 2636 ||| IDENTIFYING purple potion
  2637 | D:4      | 2637 ||| READING 2 scrolls of identify.
  2637 | D:4      | 2637 ||| IDENTIFYING fuming silvery potion
  2638 | D:4      | 2638 ||| DROPPING potion of lignification.
  2639 | D:4      | 2639 ||| DROPPING potion of brilliance.
  2651 | D:5      | Entered Level 5 of the Dungeon
  2652 | D:5      | 2652 ||| PLANNING OSSUARY
  2690 | D:5      | Found a radiant altar of Vehumet.
  2699 | D:5      | Reached skill level 10 in Ranged Weapons
  2740 | D:5      | Noticed a sky beast
  2753 | D:5      | Killed a sky beast
  2754 | D:5      | Reached skill level 3 in Dodging
  2754 | D:5      | Reached XP level 7. HP: 40/40 MP: 9/9
  2855 | D:5      | Found a basalt altar of Yredelemnul.
  2914 | D:5      | Reached * piety under Okawaru
  2915 | D:5      | Reached skill level 11 in Ranged Weapons
  2959 | D:5      | Found Ysitunit's Neck Hole.
  2972 | D:5      | 2972 ||| SHOPLISTING amulet of faith (520 gold, have 224).
  2972 | D:5      | 2972 ||| SHOPLISTING amulet of regeneration (390 gold, have
                  | 224).
  3000 | D:5      | 3000 ||| INVOKING Heroism.
  3059 | D:5      | 3059 ||| UPGRADING to +6 ring of dexterity.
  3060 | D:5      | 3060 ||| READING scroll labelled MYIGHA TAFUR.
  3061 | D:5      | 3061 ||| DRINKING 2 cyan potions.
  3062 | D:5      | 3062 ||| READING 2 scrolls of identify.
  3062 | D:5      | 3062 ||| IDENTIFYING silvery potion
  3063 | D:5      | 3063 ||| DROPPING potion of ambrosia.
  3064 | D:5      | 3064 ||| INVOKING Heroism.
  3194 | D:5      | Found a shimmering altar of Xom.
  3207 | D:5      | Found a sand-covered staircase.
  3214 | Ossuary  | Entered an ossuary
  3282 | Ossuary  | Noticed Menkaure
  3287 | Ossuary  | Killed Menkaure
  3288 | Ossuary  | Reached skill level 12 in Ranged Weapons
  3288 | Ossuary  | Reached XP level 8. HP: 44/44 MP: 10/10
  3296 | Ossuary  | Reached skill level 1 in Invocations
  3331 | Ossuary  | 3331 ||| READING scroll of enchant weapon.
  3331 | Ossuary  | 3331 ||| ENCHANTING +2 shortbow.
  3357 | Ossuary  | 3357 ||| INVOKING Heroism.
  3656 | Ossuary  | Reached skill level 3 in Fighting
  3656 | Ossuary  | Reached skill level 3 in Invocations
  3658 | Ossuary  | 3658 ||| READING scroll labelled MIMEITACE.
  3659 | Ossuary  | 3659 ||| READING scroll labelled JALLOE YNED.
  3660 | Ossuary  | 3660 ||| READING scroll labelled UFECAF ASUCERU.
  3761 | Ossuary  | 3761 ||| DRINKING 2 smoky clear potions.
  3762 | Ossuary  | 3762 ||| READING 4 scrolls of identify.
  3762 | Ossuary  | 3762 ||| IDENTIFYING fizzy golden potion
  3763 | Ossuary  | 3763 ||| READING 3 scrolls of identify.
  3763 | Ossuary  | 3763 ||| IDENTIFYING coppery potion
  3764 | Ossuary  | 3764 ||| READING 2 scrolls of identify.
  3764 | Ossuary  | 3764 ||| IDENTIFYING pink potion
  3773 | D:5      | 3773 ||| PLANNING D:1-11
  3793 | D:5      | Found a sacrificial altar of Ru.
  4252 | D:6      | 4252 ||| INVOKING Heroism.
  4275 | D:6      | 4275 ||| INVOKING Heroism.
  4317 | D:6      | 4317 ||| Stepping ~*~*~tactically~*~*~ (outnumbered).
  4318 | D:6      | 4318 ||| Stepping ~*~*~tactically~*~*~ (outnumbered).
  4320 | D:6      | Reached skill level 13 in Ranged Weapons
  4330 | D:6      | Reached ** piety under Okawaru
  4341 | D:6      | 4341 ||| INVOKING Heroism.
  4342 | D:6      | 4342 ||| Stepping ~*~*~tactically~*~*~ (outnumbered).
  4356 | D:6      | Reached XP level 9. HP: 50/50 MP: 12/14
  4613 | D:6      | Reached skill level 14 in Ranged Weapons
  4652 | D:6      | 4652 ||| INVOKING Heroism.
  4660 | D:6      | Reached skill level 6 in Dodging
  4692 | D:6      | 4692 ||| DRINKING 3 orange potions.
  4692 | D:6      | Gained mutation: Armour fits poorly on your strangely
                  | shaped body. [potion of mutation]
  4693 | D:6      | 4693 ||| READING 3 scrolls of identify.
  4693 | D:6      | 4693 ||| IDENTIFYING inky potion
  4694 | D:6      | 4694 ||| DROPPING potion of attraction.
  4721 | D:7      | 4721 ||| INVOKING Heroism.
  4903 | D:7      | 4903 ||| INVOKING Heroism.
  4949 | D:7      | 4949 ||| SWAPPING to +0 orcbow.
  4950 | D:7      | 4950 ||| DROPPING +3 shortbow.
  5038 | D:7      | Reached *** piety under Okawaru
  5039 | D:7      | 5039 ||| INVOKING Heroism.
  5046 | D:7      | HP: 6/52 [killer bee (8)]
  5047 | D:7      | 5047 ||| READING 6 scrolls of teleportation.
  5048 | D:7      | 5048 ||| DRINKING potion of heal wounds.
  5062 | D:7      | 5062 ||| INVOKING Heroism.
  5126 | D:7      | Found a hazy altar of Hepliaklqana.
  5206 | D:7      | Reached skill level 15 in Ranged Weapons
  5336 | D:7      | Noticed Duvessa
  5337 | D:7      | 5337 ||| INVOKING Heroism.
  5337 | D:7      | Noticed Dowan
  5342 | D:7      | Killed Dowan
  5345 | D:7      | Killed Duvessa
  5423 | D:7      | 5423 ||| UPGRADING to ring of willpower.
  5467 | D:8      | 5467 ||| INVOKING Heroism.
  5484 | D:8      | HP: 12/52 [orc warrior/+0 battleaxe (14)]
  5485 | D:8      | 5485 ||| STAIRDANCE
  5487 | D:7      | Slain by an orc warrior

Levels and vault maps discovered:
D:1:      minmay_arrival_stone_box, layout_loops_cross
D:2:      layout_basic
D:3:      minmay_wonky_spiral, layout_basic, ebering_ecumenical_altar_rust,
          uniq_ijyb, uniq_sigmund
D:4:      layout_basic, minmay_temple_entry_sparse_star,
          kennysheep_generic_room_14
D:5:      layout_loops_ring, lemuel_zombie_altar_yredelemnul,
          overflow_temple_1_default, mainiacjoe_overflow_concentric_impassable,
          nicolae_ru_path_of_blood, nicolae_ossuary_entry_ruins, serial_glass,
          glass_columns_a, glass_columns_c, nicolae_shop_sticking_my_neck_out
D:6:      layout_basic
D:7:      layout_loops_ring, general_overflow_altar, uniq_duvessa
D:8:      layout_loops_ring, hangedman_decor_points, grunt_ministairs_1
Temple:   eino_narrow_crystal_temple

Skill      XL: |  1  2  3  4  5  6  7  8  9 |
---------------+----------------------------+-----
Ranged Weapons | 6 7 9 10 12 13 15 | 15.2
Fighting       | 2 3 4 |  4.1
Armour         | 1 2 |  2.3
Dodging        | 3 4 5 7 |  7.0
Invocations    | 4 |  4.2
Stealth        | |  1.2

Action                     |  1- 3 |  4- 6 |  7- 9 || total
---------------------------+-------+-------+-------++-------
   Fire: Shortbow          |   103 |   163 |   417 ||   683
         Orcbow            |       |       |    90 ||    90
 Invoke: Heroism           |       |       |    13 ||    13
    Use: Scroll            |     8 |     7 |    11 ||    26
         Potion            |       |       |     4 ||     4
 Armour: Leather armour    |     3 |       |       ||     3
         Scale mail        |     6 |       |       ||     6
         Ring mail         |     3 |    36 |   107 ||   146
  Dodge: Dodged            |    17 |    53 |   250 ||   320

Table legend:
 A = Non-vault XP
 B = Vault XP
 C = Vault XP percentage of total XP
 D = Non-vault monster count
 E = Vault monster count
 F = Vault count percentage of total count
                 A         B        C        D         E       F
            +---------+---------+-------+---------+---------+-------
      Total |    3956 |    1491 |  27.4 |     138 |      50 |  26.6
            +---------+---------+-------+---------+---------+-------
        D:1 |      54 |       0 |   0.0 |      25 |       0 |   0.0
        D:2 |      31 |       0 |   0.0 |      11 |       0 |   0.0
        D:3 |      28 |     267 |  90.5 |      14 |       7 |  33.3
        D:4 |     138 |       0 |   0.0 |      24 |       0 |   0.0
        D:5 |     629 |     114 |  15.3 |      11 |       2 |  15.4
        D:6 |    1561 |       0 |   0.0 |      35 |       0 |   0.0
        D:7 |    1515 |     209 |  12.1 |      18 |       2 |  10.0
        D:8 |       0 |     215 | 100.0 |       0 |       2 | 100.0
    Ossuary |       0 |     686 | 100.0 |       0 |      37 | 100.0
            +---------+---------+-------+---------+---------+-------
